 Dungeon Crawl Stone Soup version 0.26-a0-670-g578ab304f5 (webtiles) character file.

Game seed: 12595970778542833782

116 Kinoniko the Poker (level 5, -3/54 HPs)
             Began as an Ogre Berserker on Oct 19, 2020.
             Was a Believer of Trog.
             Slain by Grinder (10 damage)
             ... on level 3 of the Dungeon.
             The game lasted 00:03:10 (1534 turns).

Kinoniko the Poker (Ogre Berserker)                 Turns: 1534, Time: 00:03:11

Health: -3/54      AC:  3    Str: 22    XL:     5   Next: 0%
Magic:  5/5        EV: 10    Int:  8    God:    Trog [**....]
Gold:   156        SH:  0    Dex:  8    Spells: 4/4 levels left

rFire    . . .     SeeInvis .   a - +0 spear
rCold    . . .     Faith    .   (no shield)
rNeg     . . .     Spirit   .   m - -2 troll leather armour
rPois    .         Reflect  .   (helmet restricted)
rElec    .         Harm     .   (no cloak)
rCorr    .         Rampage  .   (gloves unavailable)
MR       .....                  (boots unavailable)
Stlth    +.........             (no amulet)
HPRegen  0.58/turn              j - ring of flight
MPRegen  0.09/turn              (no ring)

@: berserk cooldown
A: large, unfitting armour, tough skin 1
a: Berserk, Trog's Hand, Renounce Religion, Evoke Flight


You were on level 3 of the Dungeon.
You worshipped Trog.
Trog was pleased with you.
You visited 1 branch of the dungeon, and saw 3 of its levels.

You collected 156 gold pieces.

Inventory:

Hand Weapons
 a - a +0 spear (weapon)
Armour
 b - a +0 animal skin
 m - a -2 troll leather armour (worn)
Jewellery
 d - an uncursed ring of wizardry
 e - an uncursed ring of ice
 j - a ring of flight (left hand)
Scrolls
 g - 2 scrolls of amnesia {unknown}
 i - 4 scrolls of enchant armour {unknown}
 k - 4 scrolls of identify {unknown}
 l - 2 scrolls of teleportation {unknown}
 p - a scroll of remove curse


   Skills:
 - Level 4.3 Fighting
 * Level 5.2 Polearms
 - Level 2.9 Dodging


You had 4 spell levels left.
You didn't know any spells.
Your spell library was empty.

Dungeon Overview and Level Annotations

Branches:
Dungeon (3/15)

Altars:

Annotations:
D:3 Grinder


Innate Abilities, Weirdness & Mutations

You are too large for most types of armour.
You have tough skin. (AC +1)


Message History

You float gracefully downwards.
You feel less ready to backstab. Grinder gestures at you.
You suddenly lose the ability to move!
Grinder gestures at you. You resist with significant effort.
Grinder hits you but does no damage.
You can move again.
You hit Grinder but do no damage.
Grinder is moderately wounded.
You hit Grinder.
Grinder is heavily wounded.
Grinder blinks!
You hit Grinder but do no damage.
Grinder is heavily wounded.
Grinder completely misses you.
You hit Grinder but do no damage.
Grinder is heavily wounded.
Grinder hits you!
You die...

#.#
....##.
#.#
........
#.#
....###.
#.#### .#
#. #....#
.. ####.#
#.. #.#
...
#.######
....
#.@....#
....
#5##.#.#
#.##.#.#
#.##....
#.####.##
#.. .#
### ##


You could see Grinder.

Vanquished Creatures
  An orc wizard (D:3)
  An adder (D:2)
  2 oozes
  A worm (D:2)
  4 leopard geckos
  3 orcs (D:3)
  4 giant cockroaches
  7 goblins
  9 hobgoblins
  2 jackals
  A quokka (D:2)
  2 ball pythons
  7 bats
  3 frilled lizards
  6 kobolds
  8 rats
61 creatures vanquished.

Notes
Turn   | Place    | Note
-------+----------+-------------------------------------------
     0 | D:1      | Kinoniko the Ogre Berserker began the quest for the Orb.
     0 | D:1      | Reached XP level 1. HP: 24/24 MP: 1/1
    70 | D:1      | Reached XP level 2. HP: 32/32 MP: 2/2
   568 | D:1      | Reached XP level 3. HP: 39/39 MP: 3/3
   641 | D:2      | Reached ** piety under Trog
   646 | D:2      | Reached skill level 4 in Polearms
   850 | D:2      | Reached XP level 4. HP: 42/48 MP: 4/4
  1303 | D:3      | Reached skill level 5 in Polearms
  1470 | D:3      | Reached XP level 5. HP: 53/54 MP: 5/5
  1496 | D:3      | Noticed Grinder
  1524 | D:3      | HP: 2/54 [Grinder (5)]
  1527 | D:3      | Paralysed by Grinder for 3 turns
  1534 | D:3      | Slain by Grinder

Illustrated notes

Levels and vault maps discovered:
D:1:      psy_arrival_dodecagon, layout_rooms, minmay_hexomino_p4
D:2:      layout_basic, serial_bayou_pond_b
D:3:      layout_loops_cross, chequers_ecumenical_altar_simple_redux,
          uniq_grinder

Skill      XL: |  1  2  3  4 |
---------------+-------------+-----
Polearms       | 4 5 |  5.2
Fighting       | |  4.3
Dodging        | |  2.9

Action                   |  1- 3 |  4- 6 || total
-------------------------+-------+-------++-------
Melee: Spear             |   114 |    92 ||   206
Invok: Berserk           |     4 |     3 ||     7
       Trog's Hand       |       |     1 ||     1
  Use: Scroll            |     1 |     1 ||     2
       Potion            |       |     6 ||     6
Armor: Animal skin       |    25 |       ||    25
       Troll leather arm |     1 |    21 ||    22
Dodge: Dodged            |    39 |    37 ||    76

Table legend: (Time is in decaauts)
 A = Elapsed time spent in this place.
 B = Non-inter-level travel time spent in this place.
 C = Inter-level travel time spent in this place.
 D = Time resting spent in this place.
 E = Time spent auto-exploring this place.
 F = Levels seen in this place.
 G = Mean time per level.
                   A        B        C        D        E       F      G
               +--------+--------+--------+--------+--------+-----+--------+
         Total |   1570 |   1531 |     39 |    297 |    897 |   3 |  523.3 |
       Dungeon |   1570 |   1531 |     39 |    297 |    897 |   3 |  523.3 |
               +--------+--------+--------+--------+--------+-----+--------+

Top non-repeatable levels by time:
     D:2: 654 daAuts
     D:1: 637 daAuts
     D:3: 278 daAuts
